 Dungeon Crawl Stone Soup version 0.20-a0-672-gd6c3c51 (webtiles) character file.

105968 retryentry the Brawler (level 15, -3/112 HPs)
             Began as a Demonspawn Fighter on Feb 17, 2017.
             Was a High Priest of Makhleb.
             Killed from afar by a naga ritualist (12 damage)
             ... with a lance of force
             ... on level 1 of the Snake Pit.
             The game lasted 01:09:02 (28382 turns).

retryentry the Brawler (Demonspawn Fighter)        Turns: 28382, Time: 01:09:02

Health: -3/112     AC: 20    Str: 20    XL:     15   Next: 96%
Magic:  21/21      EV: 11    Int: 20    God:    Makhleb [*****.]
Gold:   2402       SH: 17    Dex: 14    Spells: 3/14 levels left

rFire    + + +     SeeInvis +     - Unarmed
rCold    + + +     Gourm    .   Q - +6 fire dragon scales of Objectivity {rPois rF++ rC- MP-9 SInv}
rNeg     + + +     Faith    .   r - +2 shield of Resistance {rF+ rC+ MR+}
rPois    +         Spirit   .   J - +1 hat of Ylusm {rN+ Int+8}
rElec    +         Reflect  +   m - +1 cloak {rC+}
rCorr    .         Harm     .   (gloves unavailable)
MR       +++..                  (boots unavailable)
Stlth    ..........             S - +3 amulet of reflection
Regen    0.3/turn               O - ring of Egomania {rElec rN+++ MP+9 Dex-3 SInv}
MPRegen  0.2/turn               D - +4 ring of slaying (curse)

@: lethally poisoned (-3 -> -19)
A: claws 3, horns 2, talons 3, blink, blurry vision 1, clever 1, cold resistance
2, demonic guardian 1, fire resistance 1, low mp 1, magic resistance 1, strong
1, wild magic 2, flame cloud immunity
a: Blink, Minor Destruction, Lesser Servant of Makhleb, Major Destruction,
Greater Servant of Makhleb, Renounce Religion


You were on level 1 of the Snake Pit.
You worshipped Makhleb.
Makhleb was extremely pleased with you.
You were hungry.

You visited 5 branches of the dungeon, and saw 25 of its levels.
You also visited: Labyrinth, Sewer and Ice Cave.

You collected 2722 gold pieces.
You spent 320 gold pieces at shops.

Inventory:

Missiles
 R - a throwing net (quivered)
Armour
 m - a +1 cloak of cold resistance (worn)
 r - the +2 shield of Resistance (worn) {rF+ rC+ MR+}
   (You found it in a labyrinth)

   It protects you from fire.
   It protects you from cold.
   It affects your resistance to hostile enchantments.
 J - the +1 hat of Ylusm (worn) {rN+ Int+8}
   (You acquired it on level 15 of the Dungeon)

   It affects your intelligence (+8).
   It protects you from negative energy.
 M - a +1 crystal plate armour
 Q - the +6 fire dragon scales of Objectivity (worn) {rPois rF++ rC- MP-9 SInv}
   (You acquired it on level 15 of the Dungeon)

   It greatly protects you from fire.
   It makes you vulnerable to cold.
   It protects you from poison.
   It affects your magic capacity (-9).
   It lets you see invisible.
Jewellery
 x - an uncursed ring of poison resistance
 D - a cursed +4 ring of slaying (left claw)
 G - a +3 ring of protection
 O - the ring of Egomania (right claw) {rElec rN+++ MP+9 Dex-3 SInv}
   (You found it on level 11 of the Dungeon)

   [ring of magical power]

   It affects your dexterity (-3).
   It insulates you from electricity.
   It renders you almost immune to negative energy.
   It affects your magic capacity (+9).
   It lets you see invisible.
 S - a +3 amulet of reflection (around neck)
Wands
 A - a wand of digging (14/24)
 V - a wand of paralysis (5/24)
 W - a wand of confusion (26/48)
 X - a wand of paralysis (18/24)
Scrolls
 a - 10 scrolls of remove curse
 b - 2 scrolls of fear
 c - 4 scrolls of torment
 g - 3 scrolls of recharging
 i - 5 scrolls of amnesia
 j - 4 scrolls of immolation
 k - 3 scrolls of magic mapping
 u - 4 scrolls of enchant weapon
 y - 3 scrolls of fog
 z - a scroll of blinking
 B - 8 scrolls of teleportation
 E - 3 scrolls of summoning
 L - a scroll of enchant armour
 Z - a scroll of holy word
Potions
 e - 4 potions of might
 l - 2 potions of magic
 o - 2 potions of brilliance
 p - 7 potions of haste
 q - 13 potions of curing
 s - 12 potions of mutation
 t - 2 potions of agility
 v - 9 potions of heal wounds
 C - 4 potions of flight
 H - a potion of invisibility
 I - 3 potions of ambrosia
 P - 2 potions of resistance
 T - a potion of berserk rage
 U - 4 potions of cancellation
 Y - 2 potions of lignification
Miscellaneous
 F - a lightning rod (4/4)
 N - 2 phantom mirrors
Comestibles
 d - 8 meat rations
 f - 13 bread rations
 h - 14 royal jellies
 n - 12 fruits


   Skills:
 + Level 8.7 Fighting
   Level 2.4 Axes
 * Level 8.9 Armour
 - Level 5.2 Dodging
 * Level 11.2 Shields
 + Level 18.0 Unarmed Combat
 * Level 12.5 Invocations


You had 3 spell levels left.
You knew the following spells:

 Your Spells              Type           Power        Failure   Level  Hunger
a - Silence               Hex/Air        #.........   100%        5    ######.
b - Deflect Missiles      Chrm/Air       #.........   100%        6    #######


Dungeon Overview and Level Annotations

Branches:
Dungeon (15/15)            Temple (1/1) D:5            Lair (6/6) D:8
  Swamp (0/4) Lair:2        Snake (1/4) Lair:2        Slime (0/5) Lair:5
    Orc (2/2) D:12            Elf (0/3) Orc:2        Vaults (0/5) D:13
 Depths (0/5) D:15

Altars:
Cheibriados
Dithmenos
Elyvilon
Fedhas
Gozag
Hepliaklqana
Kikubaaqudgha
Makhleb
Nemelex Xobeh
Okawaru
Qazlal
Ru
Sif Muna
Trog
Uskayaw
Vehumet
Xom
Yredelemnul
Zin
The Shining One
Beogh
Jiyva

Shops:
D:8 *   D:10 *   D:13 (   Orc:2 %*!:

Annotations:
D:5 Pikel


Innate Abilities, Weirdness & Mutations

You have claws for hands.
You have a pair of horns on your head.
You have claws for feet.
A weak demonic guardian rushes to your aid.
Your flesh is heat resistant. (rF+)
You are immune to clouds of flame.
You can translocate small distances at will.
Scrolls take you a little longer to read.
Your mind is acute. (Int +2)
Your flesh is very cold resistant. (rC++)
Your magical capacity is low. (-10% MP)
You are resistant to hostile enchantments. (MR+)
Your muscles are strong. (Str +2)
Your spells are harder to cast, but more powerful.


Message History

The anaconda constricts you. The naga mage spits poison at you.
The splash of poison misses your balrug.
The splash of poison misses you.
The naga ritualist gestures at you while chanting.
The lance of force hits your iron imp.
Your iron imp is knocked back by the lance of force.
Your iron imp collides with you!
* * * LOW HITPOINT WARNING * * *
Your iron imp dies!
The anaconda bites you but does no damage.
The anaconda constricts you.
Your balrug hits the anaconda with a demon whip!
The anaconda is engulfed in flames!!
You escape the anaconda's grasp.
* * * LOW HITPOINT WARNING * * *
You feel sick. You block the naga mage's attack.
The naga ritualist points at you and mumbles some strange words.
The lance of force hits you!
You die...

...## ....# ### .
.... ..%).
..##...#### ....# .
...$#..#..###...#
..
#..#.#........##...
#...#..%##........
#....)........#
##..@†.N#§§...#..
##.2S.$.).....[.
#.NN#.....#....
#.N....#.## .
.......####
...#...#...
....#.#..#... ...
#...N ..#. ..#
..##.###.


You could see a naga sharpshooter, an anaconda, a naga ritualist, a naga mage, 2
nagas and a friendly balrug.

Vanquished Creatures
  Frances (D:13)
  The ghost of dvd the Polluter, an adept OpVM of Qazlal (Orc:2)
  A frost giant (IceCv)
  Azrael (D:14)
  A minotaur (Lab)
  4 vault guards (D:13)
  2 fire dragons
  An ice dragon (D:15)
  A naga warrior (Snake:1)
  3 hydras
  4 centaur warriors
  An anaconda (Snake:1)
  A death knight (D:14)
  4 two-headed ogres
  3 tengu warriors
  4 orc high priests
  2 shock serpents (Snake:1)
  A deep troll earth mage (D:14)
  A skeletal warrior (D:14)
  2 unseen horrors
  4 orc knights
  A lindwurm (Lair:6)
  2 wolf spider zombies (D:15)
  12 ugly things
  A salamander (Snake:1)
  A deep elf mage (D:14)
  2 manticores
  2 wolf spiders
  A cyclops (D:11)
  5 orc sorcerers
  A centaur zombie (D:11)
  8 black mambas
  Joseph (D:6)
  Psyche (D:9)
  An ice statue (IceCv)
  3 molten gargoyles (Lair:6)
  23 elephants
  A gargoyle (D:10)
  14 spiny frogs
  5 kobold demonologists
  5 rime drakes
  An efreet (D:15)
  4 freezing wraiths (D:14)
  10 komodo dragons
  A yaktaur (D:13)
  A tengu conjurer (D:14)
  A polar bear (shapeshifter) (D:14)
  8 trolls
  A hornet (shapeshifter) (D:15)
  16 polar bears (IceCv)
  5 meliai
  7 blink frogs
  3 hippogriffs
  A minotaur skeleton (Lab)
  4 slime creatures
  2 dream sheep (D:9)
  2 redbacks (Lab)
  Sigmund (D:2)
  3 shadows
  A vampire (D:13)
  22 yaks
  5 wraiths
  6 wyverns
  A human (D:13)
  2 fire elementals (D:14)
  3 basilisks
  3 hungry ghosts
  A steam dragon (Lair:6)
  A vampire mosquito (D:14)
  7 wargs
  3 nagas (Lair:2)
  A soldier ant (D:14)
  17 water moccasins
  An acid dragon (D:12)
  6 hell hounds
  Duvessa (D:5)
  A swamp drake (Lair:2)
  8 porcupines
  3 sky beasts
  2 black bears
  6 ice beasts
  32 orc warriors
  An eye of draining (D:14)
  4 slaves (D:6)
  6 ogres
  4 phantoms
  12 wolves (IceCv)
  2 necrophages
  The ghost of retryentry the Insei, an amateur DsFi (D:3)
  18 centaurs
  20 crocodiles
  19 bullfrogs
  9 big kobolds
  A gnoll sergeant (D:11)
  A wyvern zombie (D:7)
  Dowan (D:5)
  2 scorpions
  4 killer bees (D:8)
  A wight (D:10)
  An electric eel (D:10)
  2 howler monkeys
  4 lava snakes (Lair:6)
  7 crimson imps
  8 hounds
  2 jellies
  2 bullfrog zombies
  31 orc wizards
  25 orc priests
  Crazy Yiuf (D:4)
  4 centaur skeletons
  3 bullfrog skeletons
  5 iguanas
  Natasha (thrice) (D:4)
  6 worker ants
  2 hound zombies
  A worker ant zombie (D:7)
  Robin (D:3)
  12 adders
  9 gnolls (D:11)
  A river rat (D:5)
  5 shadow imps
  4 oozes
  An adder zombie (D:5)
  4 dart slugs
  6 leopard geckos
  83 orcs
  8 bats
  5 giant cockroaches
  13 goblins
  11 hobgoblins
  8 jackals
  29 kobolds
  3 quokkas
  6 ball pythons
  9 frilled lizards
  A leopard gecko zombie (D:6)
  11 rats
  2 fungi (Lair:6)
782 creatures vanquished.

Vanquished Creatures (collateral kills)
  Agnes (D:14)
  Louise (D:14)
  The ghost of Chiseanne the Acrobat, a journeyman SpGl of Gozag (Lair:6)
  A vault guard (D:13)
  3 hydras
  An ogre mage (D:13)
  3 orc knights
  An ugly thing (D:15)
  An elephant (Lair:6)
  2 black mambas (Lair:6)
  A meliai (D:13)
  5 blink frogs (Lair:6)
  A steam dragon (Lair:6)
  A basilisk (Lair:6)
  A fire elemental (D:14)
  A vampire mosquito (D:14)
  A naga (Snake:1)
  A hell hound (D:14)
  An orc warrior (D:14)
  3 orcs
  A fungus (Lair:6)
32 creatures vanquished.

Vanquished Creatures (others)
  An orc priest (Orc:2)
  2 orc wizards (Orc:2)
  An orc (D:14)
  14 fungi
  8 plants
26 creatures vanquished.

Grand Total: 840 creatures vanquished

Notes
Turn   | Place    | Note
-------+----------+-------------------------------------------
     0 | D:1      | retryentry the Demonspawn Fighter began the quest for the Orb.
     0 | D:1      | Reached XP level 1. HP: 18/18 MP: 1/1
    97 | D:1      | Gained mutation: You have sharp fingernails. [demonic ancestry]
    97 | D:1      | Reached XP level 2. HP: 24/24 MP: 2/2
   280 | D:1      | Reached skill level 1 in Unarmed Combat
   395 | D:1      | Gained mutation: Your flesh is heat resistant. (rF+) [demonic ancestry]
   395 | D:1      | Reached XP level 3. HP: 26/29 MP: 3/3
   689 | D:2      | Reached skill level 2 in Unarmed Combat
   776 | D:2      | Noticed Sigmund
   804 | D:2      | Killed Sigmund
   804 | D:2      | Reached skill level 4 in Unarmed Combat
   804 | D:2      | Gained mutation: You have very sharp fingernails. [demonic ancestry]
   804 | D:2      | Reached XP level 4. HP: 4/35 MP: 4/4
   804 | D:2      | Reached XP level 5. HP: 5/41 MP: 5/5
  1366 | D:3      | Noticed retryentry's ghost (amateur DsFi)
  1540 | D:3      | Killed retryentry's ghost
  1540 | D:3      | Reached skill level 5 in Unarmed Combat
  1540 | D:3      | Gained mutation: You have sharp toenails. [demonic ancestry]
  1540 | D:3      | Reached XP level 6. HP: 46/47 MP: 6/6
  1714 | D:3      | Noticed Robin
  1750 | D:3      | Killed Robin
  1907 | D:3      | Found a shadowy altar of Dithmenos.
  1953 | D:4      | Noticed Natasha
  1957 | D:4      | Killed Natasha
  2006 | D:4      | Reached skill level 6 in Unarmed Combat
  2067 | D:4      | Noticed Natasha
  2075 | D:4      | Killed Natasha
  2354 | D:4      | Reached XP level 7. HP: 52/52 MP: 7/7
  2383 | D:4      | Noticed Natasha
  2387 | D:4      | Killed Natasha
  2486 | D:4      | Found a runed door.
  2490 | D:4      | Noticed Crazy Yiuf
  2496 | D:4      | Killed Crazy Yiuf
  2535 | D:4      | Found a stormy altar of Qazlal.
  2772 | D:5      | Entered Level 5 of the Dungeon
  2868 | D:5      | Found a staircase to the Ecumenical Temple.
  2877 | Temple   | Entered the Ecumenical Temple
  2989 | Temple   | Became a worshipper of Makhleb the Destroyer
  3062 | D:5      | Reached skill level 7 in Unarmed Combat
  3076 | D:5      | Found a glowing drain.
  3085 | Sewer    | Entered a sewer
  3411 | Sewer    | Reached * piety under Makhleb
  3601 | D:5      | Reached skill level 8 in Unarmed Combat
  3820 | D:5      | Noticed Duvessa
  3821 | D:5      | Noticed Dowan
  3831 | D:5      | Killed Duvessa
  3831 | D:5      | Reached XP level 8. HP: 54/58 MP: 8/8
  3844 | D:5      | Killed Dowan
  4447 | D:6      | Reached skill level 9 in Unarmed Combat
  5059 | D:6      | Noticed Pikel
  5492 | D:6      | Found a deep blue altar of Sif Muna.
  5508 | D:6      | Reached skill level 10 in Unarmed Combat
  5650 | D:6      | Found a snail-covered altar of Cheibriados.
  5653 | D:6      | Found a basalt altar of Yredelemnul.
  5753 | D:6      | Reached ** piety under Makhleb
  5753 | D:6      | Gained mutation: You are immune to clouds of flame. [demonic ancestry]
  5753 | D:6      | Reached XP level 9. HP: 64/65 MP: 9/9
  5972 | D:7      | Found a shimmering altar of Xom.
  5981 | D:7      | Noticed Joseph
  6368 | D:6      | Killed Joseph
  6486 | D:7      | Reached skill level 11 in Unarmed Combat
  6813 | D:7      | Found an opulent altar of Gozag.
  7040 | D:8      | Found a glowing silver altar of Zin.
  7040 | D:8      | Found Zin's Purification Station.
  7067 | D:8      | Reached skill level 5 in Fighting
  7117 | D:8      | Found a staircase to the Lair.
  7954 | D:8      | Found a deep blue altar of Sif Muna.
  8154 | D:8      | Reached skill level 1 in Dodging
  8382 | D:9      | Noticed Psyche
  8387 | D:9      | Noticed a two-headed ogre
  8390 | D:9      | Killed Psyche
  8390 | D:9      | Reached *** piety under Makhleb
  8390 | D:9      | Reached skill level 12 in Unarmed Combat
  8390 | D:9      | Gained mutation: You have razor-sharp toenails. [demonic ancestry]
  8390 | D:9      | Reached XP level 10. HP: 67/74 MP: 10/10
  8803 | D:9      | Found an iron altar of Okawaru.
  8879 | D:9      | Killed a two-headed ogre
  9150 | D:9      | Noticed a three-headed hydra
  9171 | D:9      | Killed a three-headed hydra
  9171 | D:9      | Reached skill level 13 in Unarmed Combat
  9210 | D:9      | Found a sparkling altar of Nemelex Xobeh.
  9230 | D:10     | Entered Level 10 of the Dungeon
  9270 | D:10     | Noticed a gargoyle
  9679 | D:10     | Gained mutation: You have claws for feet. [demonic ancestry]
  9679 | D:10     | Reached XP level 11. HP: 83/83 MP: 11/11
  9898 | D:10     | Got a wavering turquoise ring
  9900 | D:10     | Identified the cursed ring "Zuttae" {MP-9 EV-2 Slay+4} (You found it on level 10 of the Dungeon)
 10034 | D:10     | Found Bier's Island Escapes.
 10074 | D:10     | Reached **** piety under Makhleb
 10111 | D:10     | Noticed a two-headed ogre
 10286 | D:10     | Killed a two-headed ogre
 10679 | D:10     | Bought a potion of haste for 150 gold pieces
 10679 | D:10     | Bought a potion of flight for 45 gold pieces
 10773 | D:11     | Got a scintillating bone ring
 10775 | D:11     | Identified the ring of Egomania {rElec rN+++ MP+9 Dex-3 SInv} (You found it on level 11 of the Dungeon)
 10863 | D:11     | Noticed a green ugly thing
 10874 | D:11     | Killed a green ugly thing
 10874 | D:11     | Reached skill level 14 in Unarmed Combat
 11069 | D:11     | Gained mutation: Your spells are a little harder to cast, but a little more powerful. [mutagenic meat]
 11070 | D:11     | Gained mutation: Your body sometimes deteriorates upon taking damage. [mutagenic meat]
 11071 | D:11     | Gained mutation: You are robust. (+10% HP) [mutagenic meat]
 11073 | D:11     | Lost mutation: You are robust. (+10% HP) [mutagenic meat]
 11074 | D:11     | Gained mutation: You have a pair of small horns on your head. [mutagenic meat]
 11268 | D:11     | Noticed a red ugly thing
 11281 | D:11     | Killed a red ugly thing
 11281 | D:11     | Reached skill level 5 in Shields
 11295 | D:11     | Gained mutation: You evolve. [mutagenic meat]
 11297 | D:11     | Gained mutation: You have claws for hands. [mutagenic meat]
 11298 | D:11     | Gained mutation: You have an increased reservoir of magic. (+10% MP) [mutagenic meat]
 11335 | D:11     | Noticed a green ugly thing
 11344 | D:11     | Killed a green ugly thing
 11423 | D:11     | Reached ***** piety under Makhleb
 11458 | D:11     | Gained mutation: Your flesh is cold resistant. (rC+) [evolution]
 11458 | D:11     | Lost mutation: You evolve. [end of evolution]
 11461 | D:11     | Identified a scroll of acquirement
 11554 | D:11     | Learned a level 5 spell: Silence
 11726 | D:11     | Noticed a four-headed hydra
 12143 | D:12     | Found a staircase to the Orcish Mines.
 12223 | D:12     | Lost mutation: You have an increased reservoir of magic. (+10% MP) [mutagenic meat]
 12224 | D:12     | Lost mutation: Your body sometimes deteriorates upon taking damage. [mutagenic meat]
 12225 | D:12     | Gained mutation: Scrolls take you a little longer to read. [mutagenic meat]
 12226 | D:12     | Gained mutation: Your flesh is very cold resistant. (rC++) [mutagenic meat]
 12236 | D:12     | Reached skill level 1 in Invocations
 12569 | D:12     | Reached XP level 12. HP: 78/91 MP: 12/12
 12892 | D:13     | Noticed Frances
 12898 | D:13     | Noticed a centaur warrior
 12899 | D:13     | Noticed a centaur warrior
 12914 | D:13     | Found a frozen archway.
 12920 | D:13     | Reached skill level 15 in Unarmed Combat
 12990 | IceCv    | Entered an ice cave
 13622 | IceCv    | Noticed a frost giant
 13632 | IceCv    | Killed a frost giant
 13632 | IceCv    | Reached skill level 5 in Invocations
 14106 | D:13     | Found Towaciz's Antique Weapon Boutique.
 14158 | D:13     | Killed a centaur warrior
 14161 | D:13     | Killed a centaur warrior
 14182 | D:13     | Reached skill level 10 in Invocations
 14416 | D:13     | Noticed a vault guard
 14416 | D:13     | Noticed a vault guard
 14491 | Orc:1    | Entered Level 1 of the Orcish Mines
 14491 | Orc:1    | Found a roughly hewn altar of Beogh.
 14636 | Orc:2    | Entered Level 2 of the Orcish Mines
 14641 | Orc:2    | Noticed dvd's ghost (adept OpVM)
 15218 | Orc:2    | Killed dvd's ghost
 15218 | Orc:2    | Reached XP level 13. HP: 79/98 MP: 21/21
 16028 | Orc:1    | HP: 1/98 [orc warrior/halberd[an orc high priest] (15)]
 16398 | Orc:2    | Reached ****** piety under Makhleb
 16587 | Orc:2    | Found a staircase to the Elven Halls.
 16721 | Orc:2    | Paralysed by an orc sorcerer for 3 turns
 17348 | Orc:2    | Reached skill level 5 in Armour
 17355 | Orc:2    | Found Sutobbutt's Food Shoppe.
 17355 | Orc:2    | Found Tijiet's Book Boutique.
 17357 | Orc:2    | Found Kuviul Ilisch's Assorted Antiques.
 17357 | Orc:2    | Found Plog's Distillery.
 17366 | Orc:2    | Bought a glowing peridot amulet for 125 gold pieces
 17657 | Lair:1   | Entered Level 1 of the Lair of Beasts
 18430 | Lair:2   | Reached skill level 16 in Unarmed Combat
 18457 | Lair:2   | Found a staircase to the Swamp.
 18687 | Lair:2   | Found a staircase to the Snake Pit.
 19819 | Lair:4   | Gained mutation: You have a pair of horns on your head. [demonic ancestry]
 19819 | Lair:4   | Reached XP level 14. HP: 105/105 MP: 22/22
 19827 | Lair:4   | Reached skill level 5 in Dodging
 20657 | Lair:5   | Found a viscous altar of Jiyva.
 20658 | Lair:5   | Found a staircase to the Slime Pits.
 21197 | Lair:6   | Entered Level 6 of the Lair of Beasts
 21226 | Lair:6   | Noticed Chiseanne's ghost (journeyman SpGl)
 21898 | Lair:6   | Killed Chiseanne's ghost
 22427 | Lair:6   | Learned a level 6 spell: Deflect Missiles
 22592 | Lair:6   | Found a large runed door.
 22776 | Lair:6   | Reached skill level 17 in Unarmed Combat
 23124 | Lair:6   | Found a large runed door.
 23740 | D:13     | Killed Frances
 24060 | D:13     | Gained mutation: A weak demonic guardian rushes to your aid. [demonic ancestry]
 24060 | D:13     | Reached XP level 15. HP: 63/112 MP: 23/23
 24179 | D:13     | Found a gate to the Vaults.
 24528 | D:14     | Noticed Azrael
 24548 | D:14     | Killed Azrael
 24552 | D:14     | Noticed Agnes
 24560 | D:14     | Noticed Louise
 24561 | D:14     | Killed Agnes
 25010 | D:14     | Gained mutation: Your spells are harder to cast, but more powerful. [mutagenic meat]
 25204 | D:14     | Reached skill level 10 in Shields
 25319 | D:14     | Killed Louise
 25339 | D:14     | Gained mutation: Your magical capacity is low. (-10% MP) [mutagenic meat]
 25340 | D:14     | Gained mutation: You are resistant to hostile enchantments. (MR+) [mutagenic meat]
 25343 | D:14     | Gained mutation: You can translocate small distances at will. [mutagenic meat]
 25388 | D:14     | Found a runed door.
 25890 | D:15     | Entered Level 15 of the Dungeon
 25910 | D:15     | Found a labyrinth entrance.
 25924 | Lab      | Entered a labyrinth
 26935 | D:15     | Found a staircase to the Depths.
 27046 | D:15     | HP: 4/112 [white ugly thing (5)]
 27636 | D:15     | Gained mutation: Your mind is acute. (Int +2) [mutagenic meat]
 27637 | D:15     | Gained mutation: Your muscles are strong. (Str +2) [mutagenic meat]
 28085 | D:15     | Got a distressingly furry hat
 28096 | D:15     | Identified the +1 hat of Ylusm {rN+ Int+8} (You acquired it on level 15 of the Dungeon)
 28099 | D:15     | Got heavily runed fire dragon scales
 28110 | D:15     | Identified the +6 fire dragon scales of Objectivity {rPois rF++ rC- MP-9 SInv} (You acquired it on level 15 of the Dungeon)
 28329 | Snake:1  | Entered Level 1 of the Snake Pit
 28333 | Snake:1  | Reached skill level 18 in Unarmed Combat
 28382 | Snake:1  | Killed from afar by a naga ritualist

Vault maps used:
D:1:      dpeg_arrival_castle
D:2:      uniq_sigmund
D:3:      old_standard_altar, uniq_robin
D:4:      grunt_qazlal_clouds, uniq_crazy_yiuf_cottage, uniq_natasha
D:5:      temple_statues, portal_sewer_entry_b, first_bread, uniq_duvessa
D:6:      minmay_overflow_temple_star_quad, uniq_pikel
D:7:      nicolae_overflow_crystal_walls, grunt_gozag_breadcrumbs, uniq_joseph
D:8:      zin_purify, erik_lair_orcish_takeover, basic_altar
D:9:      kennysheep_little_box, hangedman_ranch, kennysheep_okawaru_gauntlet,
          uniq_psyche
D:10:     minmay_weird_star, minmay_holes, nicolae_island_escapes
D:12:     erik_orc_3
D:13:     grunt_vaults_entry_fortified, portal_ice_cave_rime, serial_shops,
          shop, uniq_frances
D:14:     amethyst_killhole, lightli_airlock, uniq_agnes, uniq_azrael,
          uniq_louise
D:15:     grunt_enter_depths_hoard, lab_entry_generic,
          hangedman_abyss_or_decor_stabs, minmay_misc_feat_diagonals
Temple:   oiseaux_autumnal_temple
Lair:1:   grunt_megastairs_4
Lair:2:   minmay_swamp_entry_reptiles, minmay_snake_entry_guardpost_small
Lair:3:   grunt_megastairs_5
Lair:4:   infiniplex_staircase_pool_2
Lair:5:   slime_altar_1
Lair:6:   cheibrodos_lair_end_hotspot, serial_bayou_shore_b
Snake:1:  minmay_shoptagon
Orc:1:    basic_altar
Orc:2:    grunt_orc_tribal_feast
Lab:      labyrinth_spiral, nicolae_lab_arrow, nicolae_lab_stuck, lab_statue,
          nicolae_lab_starburst, nicolae_lab_t_cross
Sewer:    kennysheep_pipe_town
IceCv:    ice_cave_small_giant

Skill      XL: |  1  2  3  4  5  6  7  8  9 10 11 12 13 14 15 |
---------------+----------------------------------------------+-----
Axes           | 2 |  2.4
Unarmed Combat | 1 4 5 6 8 10 12 13 14 15 16 17 18 | 18.0
Fighting       | 4 5 6 7 8 |  8.7
Dodging        | 1 2 4 5 |  5.2
Armour         | 3 6 7 8 |  8.9
Shields        | 3 5 6 7 9 11 | 11.2
Invocations    | 1 11 12 | 12.5

Action                   |  1- 3 |  4- 6 |  7- 9 | 10-12 | 13-15 || total
-------------------------+-------+-------+-------+-------+-------++-------
Melee: War axe           |    13 |       |       |       |       ||    13
       Unarmed           |    88 |   138 |   537 |   756 |  1283 ||  2802
       Kick              |       |    14 |   129 |   244 |   394 ||   781
       Headbutt          |       |       |       |    74 |   277 ||   351
Invok: Lesser Servant of |       |       |       |     5 |    27 ||    32
       Greater Servant o |       |       |       |       |     2 ||     2
Evoke: Wand              |       |     4 |     6 |    13 |       ||    23
       Lightning rod     |       |       |       |     4 |       ||     4
  Use: Potion            |     2 |       |       |     6 |     6 ||    14
       Scroll            |       |       |     9 |    17 |    20 ||    46
 Stab: Paralysed         |       |     6 |     4 |       |       ||    10
       Distracted        |       |       |       |       |     8 ||     8
  Eat: Chunk             |       |     5 |    20 |    36 |    44 ||   105
       Fruit             |       |       |       |     1 |    10 ||    11
Armor: Scale mail        |    23 |       |       |       |       ||    23
       Chain mail        |    41 |    94 |   267 |   337 |   269 ||  1008
       Crystal plate arm |       |       |       |       |    94 ||    94
       Plate armour      |       |       |       |       |    56 ||    56
       Fire dragon scale |       |       |       |       |    18 ||    18
Dodge: Dodged            |    20 |    20 |    79 |   123 |   163 ||   405
Block: Shield            |    54 |    58 |   221 |   292 |   607 ||  1232
       Reflection        |       |       |       |       |    27 ||    27
       Large shield      |       |       |       |       |    74 ||    74
